 Dungeon Crawl Stone Soup version 0.16-a0-2296-gdce89d5 (webtiles) character file.

270 PolkaDot the Insei (level 6, 39/49 HPs)
             Began as a Demonspawn Monk on Nov 17, 2014.
             Quit the game on level 3 of the Dungeon.
             The game lasted 00:04:10 (2622 turns).

PolkaDot the Insei (Demonspawn Monk)                Turns: 2622, Time: 00:04:10

Health: 39/49      AC:  6    Str: 12    XL:     6   Next: 1%
Magic:  6/6        EV: 13    Int: 11    God:
Gold:   156        SH:  0    Dex: 17    Spells: 0 memorised, 5 levels left

rFire  . . .     SeeInvis .       - Unarmed
rCold  . . .     Clarity  .     a - +0 robe
rNeg   . . .     SustAb   .     (no shield)
rPois  .         Gourm    .     (no helmet)
rElec  .         Spirit   +     q - +2 cloak
rCorr  .         Warding  .     (no gloves)
rMut   .         Stasis   .     (no boots)
MR     .....                    e - amulet of guardian spirit
Stlth  ++........               (no ring)
                                (no ring)

@: not resistant to hostile enchantments, unstealthy
A: talons 1, icy blue scales 1, powered by pain 1
a: no special abilities


You were on level 3 of the Dungeon.
You were hungry.

You visited 1 branch of the dungeon, and saw 3 of its levels.

You collected 156 gold pieces.

Inventory:

Armour
 a - a +0 robe (worn)
 q - a +2 cloak (worn)
Jewellery
 e - an amulet of guardian spirit (around neck)
Magical devices
 p - a wand of random effects (42)
Scrolls
 c - 3 scrolls of identify {unknown}
 d - 2 scrolls of noise {unknown}
 f - a scroll of recharging {unknown}
 h - a scroll of teleportation {unknown}
 i - a scroll of amnesia {unknown}
 m - a scroll of blinking {unknown}
Potions
 k - a potion of restore abilities {unknown}
 l - 2 potions of haste {unknown}
Comestibles
 b - a bread ration
 g - a beef jerky
 j - 2 meat rations
 n - 4 fruits


   Skills:
 + Level 4.5 Fighting
 - Level 2.6 Dodging
 - Level 1.7 Stealth
 * Level 5.8 Unarmed Combat


You had 5 spell levels left.
You didn't know any spells.

Dungeon Overview and Level Annotations

Branches:
Dungeon (3/15)

Altars:


Innate Abilities, Weirdness & Mutations

You have sharp toenails.
You are partially covered in icy blue scales (AC +1).
You sometimes gain a little power by taking damage.


Message History

The orc is too close now for your liking.
You see here a leather armour.
The orc hits you but does no damage.
You hit the orc. You claw the orc.
The orc is almost dead.
The orc hits you but does no damage.
You hit the orc.
You kill the orc!
No target in view!
No target in view!
No target in view!
No target in view!
Save game and exit?
Okay, then.
Unknown command.
Unknown command.
Unknown command.
Unknown command.
Unknown command.
Are you sure you want to abandon this character and quit the game? (Confirm with "yes".)

### #.# #.# ..####.# #)# #......#
#.# ########## ######## #.#
##.......)##### #.#
#$............# #.#
#..######.###.## ##### #.# #..#
####.###.#.
#######...###.####..###....#.....
....##.....##.[.@)...........#.#.
###................<##.....###.##
##.........#.....###.#.#.# #.##
#...............# #.#.#.###.##
####.........#....## #.#.#..##.##
...<........###.#.# #.#.#.#.#...
.#####.....## #.#.# #.#..###..(.
<# ##...## #.#.####.#.## ##(#. .#
##### #.........## ##..


There were no monsters in sight!

Vanquished Creatures
  Sigmund (D:2)
  A giant frog (D:3)
  Crazy Yiuf (D:2)
  Jessica (D:2)
  4 adders
  A worm (D:3)
  An ooze (D:3)
  3 orcs (D:3)
  4 giant cockroaches
  7 goblins
  5 hobgoblins
  2 ball pythons
  7 bats
  A giant gecko (D:1)
  4 giant newts
  2 jackals (D:3)
  8 kobolds
  6 rats
59 creatures vanquished.

Notes
Turn   | Place    | Note
--------------------------------------------------------------
     0 | D:1      | PolkaDot, the Demonspawn Monk, began the quest for the Orb.
     0 | D:1      | Reached XP level 1. HP: 18/18 MP: 1/1
   703 | D:1      | Gained mutation: You are partially covered in icy blue scales (AC +1). [demonic ancestry]
   703 | D:1      | Reached XP level 2. HP: 14/24 MP: 2/2
   880 | D:1      | Reached skill level 4 in Unarmed Combat
  1194 | D:2      | Noticed Jessica
  1210 | D:2      | Killed Jessica
  1210 | D:2      | Gained mutation: You have sharp toenails. [demonic ancestry]
  1210 | D:2      | Reached XP level 3. HP: 10/29 MP: 3/3
  1472 | D:2      | Noticed Sigmund
  1483 | D:2      | Killed Sigmund
  1483 | D:2      | Reached skill level 5 in Unarmed Combat
  1483 | D:2      | Gained mutation: You sometimes gain a little power by taking damage. [demonic ancestry]
  1483 | D:2      | Reached XP level 4. HP: 16/37 MP: 4/4
  1901 | D:2      | Noticed Crazy Yiuf
  1910 | D:2      | Killed Crazy Yiuf
  1910 | D:2      | Reached XP level 5. HP: 23/42 MP: 1/5
  2604 | D:3      | Reached XP level 6. HP: 36/49 MP: 6/6
  2622 | D:3      | Quit the game

Action                   |  1- 3 |  4- 6 || total
-------------------------+-------+-------++-------
Melee: Unarmed           |    91 |   132 ||   223
       Club              |     6 |     3 ||     9
  Use: Potion            |     2 |       ||     2
 Stab: Sleeping          |     1 |     1 ||     2
  Eat: Chunk             |     2 |     3 ||     5
